 Dungeon Crawl Stone Soup version 0.30.1-11-g7821555f0a (webtiles) character file.

Game seed: 14063632895811093383

13627 Martska the Fighter (level 12, -7/136 HPs)
             Began as an Ogre Gladiator on Dec 6, 2023.
             Was a High Priest of Okawaru.
             Mangled by an elephant (11 damage)
             ... on level 3 of the Lair of Beasts.
             The game lasted 00:24:16 (13553 turns).

Martska the Fighter (Ogre Gladiator)               Turns: 13553, Time: 00:24:17

Health: -7/136     AC: 13    Str: 25    XL:     12   Next: 8%
Magic:  10/12      EV: 20    Int:  9    God:    Okawaru [*****.]
Gold:   724        SH:  5    Dex: 22    Spells: 11/11 levels left

rFire   . . .        R - +3 flail (heavy)
rCold   + . .        (no shield)
rNeg    . . .        Y - +4 troll leather armour
rPois   .            s - +2 hat {Stlth+}
rElec   .            B - +0 cloak
rCorr   .            (gloves unavailable)
SInv    .            (boots unavailable)
Will    +....        L - amulet "Umnielav" {Reflect rC+ SH+5}
Stlth   ++++         J - +6 ring of dexterity
HPRegen 1.22/turn    y - +6 ring of dexterity
MPRegen 0.13/turn

%: reflection
@: mighty, lethally poisoned (-7 -> -12), heroic
A: large, unfitting armour, tough skin 1
a: Renounce Religion, Heroism, Finesse, Duel


You were on level 3 of the Lair of Beasts.
You worshipped Okawaru.
Okawaru was extremely pleased with you.
You visited 3 branches of the dungeon, and saw 15 of its levels.

You collected 990 gold pieces.
You spent 266 gold pieces at shops.

Inventory:

Hand Weapons
 b - a +3 whip
 w - the +2 flail of Ignis {drain, Int+2}
   (You found it on level 3 of the Dungeon)

   Int:       It affects your intelligence (+2).
 R - a +3 heavy flail (weapon)
 U - a +0 giant club
Missiles
 d - 2 throwing nets
 W - 5 large rocks (quivered)
Armour
 s - a +2 hat of stealth (worn)
 B - a +0 cloak (worn)
 G - the +4 robe "Maplok" {rElec rF+ Dex-2 Archmagi}
   (Okawaru gifted it to you on level 2 of the Lair of Beasts)

   Dex:       It affects your dexterity (-2).
   rF:        It protects you from fire.
   rElec:     It insulates you from electricity.
   Archmagi:  It increases the power of your magical spells.
 Y - a +4 troll leather armour (worn)
Jewellery
 m - an amulet of guardian spirit
 q - an amulet of reflection
 y - a +6 ring of dexterity (right hand)
 J - a +6 ring of dexterity (left hand)
 L - the amulet "Umnielav" (around neck) {Reflect rC+ SH+5}
   (You found it on level 7 of the Dungeon)

   [amulet of reflection]

   It reflects blocked missile attacks.
   rC:        It protects you from cold.
   SH:        It affects your SH (+5).
 P - a ring of protection from fire
 Q - a ring of positive energy
Wands
 t - a wand of digging (20)
 z - a wand of polymorph (12)
 D - a wand of mindburst (9)
 K - a wand of roots (12)
 M - a wand of flame (34)
 N - a wand of acid (1)
 V - a wand of charming (11)
Scrolls
 j - 2 scrolls of amnesia
 n - 3 scrolls of magic mapping
 o - a scroll of enchant weapon {unknown}
 r - 8 scrolls of teleportation
 x - 2 scrolls of poison {unknown}
 A - 2 scrolls of fog
 E - 3 scrolls of immolation
 O - a scroll of fear
 S - a scroll of torment {unknown}
 X - a scroll of brand weapon {unknown}
Potions
 e - a potion of lignification {unknown}
 g - 3 potions of might
 i - a potion of ambrosia {unknown}
 k - 5 potions of flight
 l - a potion of haste
 p - 2 potions of brilliance
 u - 4 potions of curing
 I - a potion of cancellation {unknown}
 T - a potion of mutation {unknown}
 Z - a potion of berserk rage


   Skills:
 + Level 13.2(18.2) Fighting
 * Level 12.3(17.3) Maces & Flails
 - Level 2.0(7.0) Throwing
 + Level 2.6(7.6) Armour
 + Level 9.0(14.0) Dodging


You had 11 spell levels left.
You didn't know any spells.
Your spell library contained the following spells:

 Spells                   Type           Power      Damage    Failure   Level
 Freeze                   Ice            0%         1d3       41%         1
 Cigotuvi's Dreadful Rot  Necr/Pois/Air  0%         N/A       56%         2
 Ensorcelled Hibernation  Hex/Ice        0%         N/A       56%         2
 Passwall                 Tmut/Erth      0%         N/A       56%         2
 Frozen Ramparts          Ice            0%         1d1       80%         3
 Hailstorm                Conj/Ice       0%         3d3       80%         3
 Inner Flame              Hex/Fire       0%         N/A       80%         3
 Ozocubu's Armour         Ice            0%         N/A       80%         3
 Swiftness                Air            0%         N/A       80%         3
 Vhi's Electric Charge    Tloc/Air       0%         N/A       80%         3
 Volatile Blastmotes      Fire/Tloc      0%         2d10      80%         3
 Dispel Undead            Necr           0%         3d6       99%         4
 Flame Wave               Conj/Fire      0%         2d4       99%         4
 Fulminant Prism          Conj/Hex       0%         3d5       99%         4
 Iskenderun's Mystic Bla  Conj/Tloc      0%         2d3       99%         4
 Sticky Flame             Conj/Fire      0%         2d3       99%         4
 Arcjolt                  Conj/Air       0%         1d10      100%        5
 Lee's Rapid Deconstruct  Erth           0%         3d4*      100%        5
 Orb of Destruction       Conj           0%         9d5       100%        7
 Ozocubu's Refrigeration  Ice            0%         4d7       100%        7
 Maxwell's Capacitive Co  Air            0%         ∞         100%        8
 Summon Guardian Golem    Hex/Summ       Unusable   N/A       N/A         3
 Death Channel            Necr           Unusable   N/A       N/A         6
 Spellforged Servitor     Conj/Summ      Unusable   N/A       N/A         7

Dungeon Overview and Level Annotations

Branches:
Dungeon (11/15)            Temple (1/1) D:7            Lair (3/5) D:11
    Orc (0/2) D:11
  Swamp: Lair:2-3    Shoals: Lair:2-3     Snake: Lair:2-3    Spider: Lair:2-3

Altars:
Ashenzari
Cheibriados
Dithmenos
Elyvilon
Fedhas
Gozag
Hepliaklqana
Kikubaaqudgha
Makhleb
Nemelex Xobeh
Okawaru
Qazlal
Ru
Sif Muna
Trog
Uskayaw
Vehumet
Wu Jian
Xom
Yredelemnul
Zin
The Shining One

Shops:
D:8 ?   D:9 ?*   D:10 =

Annotations:
D:8 2 transporters, Onni's ghost, novice TrFi
D:11 1 transporter, Harold


Innate Abilities, Weirdness & Mutations

You are too large for most types of armour.
You have tough skin. (AC +1)


Message History

A water moccasin comes into view.
The elephant tramples you.
* * * LOW HITPOINT WARNING * * *
You stumble backwards!
The water moccasin hisses angrily.
You feel much better.
The water moccasin closely misses you. x2
You feel very mighty all of a sudden. The elephant tramples you.
You hold your ground!
The elephant trunk-slaps you but does no damage.
The water moccasin bites you!
You gain the combat prowess of a mighty hero.
The water moccasin bites you.
You are poisoned.
The water moccasin poisons you! The elephant tramples you.
You hold your ground!
The elephant closely misses you. You block the elephant's attack.
The elephant closely misses you.
You hit the water moccasin.
The water moccasin is lightly wounded.
You feel very sick. The water moccasin bites you.
* * * LOW HITPOINT WARNING * * *
You are more poisoned.
The water moccasin poisons you! The elephant tramples you!
* * * LOW HITPOINT WARNING * * *
You stumble backwards!
The elephant tramples you!
* * * LOW HITPOINT WARNING * * *
You stumble backwards!
The water moccasin barely misses you.
You bludgeon the water moccasin!!
The water moccasin is almost dead.
* * * LOW HITPOINT WARNING * * *
You feel very sick.
You hear a trumpeting!
The water moccasin misses you.
You hit the water moccasin.
You kill the water moccasin!
Okawaru accepts your kill.
* * * LOW HITPOINT WARNING * * *
You feel very sick. The elephant tramples you!
You die...

...... #..... #....
##... ##... .# #
#...# #+# ..##
#.#...#####.##...#
+...@Y##....#...#
#...YY'.Y.......#
#......##...P.#.
#......##..PP#..#
#......#..YP##
#......####Y.##
.........##..#.##[.#
..........Y........#
..................##


You could see 4 elephants.

Vanquished Creatures
  Gastronok (Lair:2)
  2 two-headed ogres (D:10)
  A death yak (Lair:3)
  A skyshark (Lair:2)
  An ugly thing (D:11)
  A cane toad (Lair:2)
  2 komodo dragons
  An unseen horror (D:11)
  2 trolls (D:11)
  A hornet (D:10)
  Prince Ribbit (D:6)
  7 blink frogs (Lair:1)
  4 shadows
  A vampire (D:10)
  A wyvern (D:9)
  A wraith (D:9)
  13 yaks
  An acid dragon (D:10)
  2 wargs (D:10)
  3 water moccasins
  3 orc warriors
  2 sky beasts (D:7)
  An ice beast (D:8)
  A black bear (D:7)
  A wolf (Lair:3)
  2 centaurs
  4 phantoms
  3 kobold brigands
  5 bullfrogs
  A gnoll sergeant (D:11)
  A scorpion (D:6)
  5 wights (D:9)
  A troll zombie (D:11)
  3 howler monkeys
  6 hounds
  2 jellies
  2 orc priests
  Crazy Yiuf (D:4)
  4 iguanas
  3 sleepcaps (D:4)
  7 orc wizards
  5 ogre zombies (D:11)
  11 gnolls
  14 adders
  A shadow imp (D:5)
  3 ufetubi
  3 worms
  4 dart slugs
  26 orcs
  7 ball pythons
  5 endoplasms
  5 giant cockroaches (D:1)
  6 goblins
  6 hobgoblins
  4 jackals (D:4)
  2 quokkas
  5 bats
  4 frilled lizards
  A goblin skeleton (D:11)
  A goblin zombie (D:11)
  A hobgoblin skeleton (D:11)
  2 hobgoblin zombies (D:11)
  20 kobolds
  3 orc skeletons (D:11)
  10 orc zombies (D:11)
  3 rats
257 creatures vanquished.

Notes
Turn   | Place    | Note
-------+----------+-------------------------------------------
     0 | D:1      | Martska the Ogre Gladiator began the quest for the Orb.
     0 | D:1      | Reached XP level 1. HP: 22/22 MP: 1/1
   110 | D:1      | Reached skill level 3 in Fighting
   142 | D:1      | Reached XP level 2. HP: 17/31 MP: 2/2
   661 | D:1      | Reached XP level 3. HP: 37/37 MP: 3/3
   854 | D:2      | Found a faded altar of an unknown god.
  1176 | D:2      | Reached skill level 4 in Fighting
  1299 | D:2      | Reached XP level 4. HP: 48/48 MP: 4/4
  1874 | D:3      | Found a transporter.
  1874 | D:3      | Found a hide-covered altar of Uskayaw.
  2121 | D:3      | Found a transporter.
  2187 | D:3      | Identified the +2 flail of Ignis {drain, Int+2}
  2192 | D:3      | Reached XP level 5. HP: 55/55 MP: 5/5
  2398 | D:3      | Reached skill level 5 in Fighting
  2720 | D:4      | Reached XP level 6. HP: 65/66 MP: 6/6
  2801 | D:4      | Found a shadowy altar of Dithmenos.
  3054 | D:4      | Reached skill level 6 in Fighting
  3127 | D:4      | Found a runed translucent door.
  3128 | D:4      | Noticed Crazy Yiuf
  3426 | D:4      | Reached XP level 7. HP: 52/76 MP: 7/7
  3699 | D:4      | Reached skill level 5 in Maces & Flails
  3846 | D:4      | Killed Crazy Yiuf
  3966 | D:5      | Entered Level 5 of the Dungeon
  4113 | D:5      | Reached skill level 7 in Fighting
  4732 | D:5      | Reached XP level 8. HP: 84/88 MP: 8/8
  4757 | D:5      | Reached skill level 8 in Fighting
  5511 | D:6      | Noticed Prince Ribbit
  5520 | D:6      | Killed Prince Ribbit
  5521 | D:6      | Reached skill level 5 in Dodging
  6055 | D:7      | Reached XP level 9. HP: 64/97 MP: 9/9
  6303 | D:7      | Identified the amulet "Umnielav" {Reflect rC+ SH+5}
  6390 | D:7      | Reached skill level 9 in Fighting
  6544 | D:7      | Found a staircase to the Ecumenical Temple.
  6603 | Temple   | Entered the Ecumenical Temple
  6812 | Temple   | Became a worshipper of Warmaster Okawaru
  6904 | D:8      | Found Inguso Jiuse's Magic Scroll Boutique.
  6911 | D:8      | Bought a scroll of blinking for 97 gold pieces
  6911 | D:8      | Bought 3 scrolls of teleportation for 117 gold pieces
  6911 | D:8      | Bought a scroll of fear for 52 gold pieces
  6935 | D:8      | Found a stormy altar of Qazlal.
  7104 | D:8      | Found a shimmering blue altar of Sif Muna.
  7119 | D:8      | Found a sparkling altar of Nemelex Xobeh.
  7207 | D:8      | Identified the ring "Byel" {rPois rF++ rC- rCorr Str+6}
  7213 | D:8      | Identified the +4 kite shield of Evolution {MP+9}
  7214 | D:8      | Noticed Onni's ghost (novice TrFi)
  7233 | D:8      | Found a transporter.
  7239 | D:8      | Found a transporter.
  7527 | D:8      | Noticed a komodo dragon
  7534 | D:8      | Killed a komodo dragon
  7534 | D:8      | Reached * piety under Okawaru
  8062 | D:9      | Reached skill level 10 in Fighting
  8384 | D:9      | Reached XP level 10. HP: 88/111 MP: 10/10
  8675 | D:9      | Reached ** piety under Okawaru
  8843 | D:9      | Found Jofed's Assorted Antiques.
  9051 | D:9      | Found Ymoimitrou's Magic Scroll Shoppe.
  9082 | D:9      | Found a hazy altar of Hepliaklqana.
  9082 | D:9      | Found a sacrificial altar of Ru.
  9193 | D:10     | Entered Level 10 of the Dungeon
  9343 | D:10     | Found Huhis's Jewellery Shop.
  9371 | D:10     | Noticed a two-headed ogre
  9377 | D:10     | Killed a two-headed ogre
  9378 | D:10     | Reached skill level 11 in Fighting
  9456 | D:10     | Noticed a two-headed ogre
  9463 | D:10     | Killed a two-headed ogre
  9463 | D:10     | Reached *** piety under Okawaru
  9464 | D:10     | Reached skill level 10 in Maces & Flails
 10164 | D:10     | Reached **** piety under Okawaru
 10389 | D:11     | Reached XP level 11. HP: 102/123 MP: 11/11
 10482 | D:11     | Found a staircase to the Lair.
 10532 | D:10     | Reached skill level 12 in Fighting
 10656 | D:11     | Found a staircase to the Orcish Mines.
 10657 | D:11     | Noticed a green ugly thing
 10675 | D:11     | Killed a green ugly thing
 11100 | D:11     | Found a transporter.
 11332 | D:11     | Reached ***** piety under Okawaru
 11377 | D:11     | Noticed a cyclops
 11459 | D:11     | Noticed a boulder beetle
 11462 | D:11     | Noticed Harold
 11523 | Lair:1   | Entered Level 1 of the Lair of Beasts
 11868 | Lair:1   | Received a gift from Okawaru
 12432 | Lair:2   | Reached skill level 1 in Armour
 12515 | Lair:2   | Noticed a skyshark
 12527 | Lair:2   | Killed a skyshark
 12771 | Lair:2   | Identified the +4 robe "Maplok" {rElec rF+ Dex-2 Archmagi}
                  | (Okawaru gifted it to you on level 2 of the Lair of Beasts)
 12771 | Lair:2   | Received a gift from Okawaru
 12854 | Lair:2   | Noticed Gastronok
 12866 | Lair:2   | Killed Gastronok
 12867 | Lair:2   | Reached skill level 13 in Fighting
 13514 | Lair:3   | Noticed a death yak
 13514 | Lair:3   | Noticed a death yak
 13514 | Lair:3   | Noticed a death yak
 13518 | Lair:3   | Reached XP level 12. HP: 136/136 MP: 9/12
 13528 | Lair:3   | Killed a death yak
 13535 | Lair:3   | HP: 2/136 [black mamba (5)]
 13553 | Lair:3   | HP: 4/136 [poisoned by a water moccasin]
 13553 | Lair:3   | Mangled by an elephant

Illustrated notes

Levels and vault maps discovered:
D:1:      sevenhm_arrival_forest_fort_small_5, layout_basic
D:2:      layout_loops_corners, chequers_ecumenical_altar_simple_redux,
          minmay_misc_feat_encased
D:3:      layout_basic, gammafunk_temple_overflow_arena
D:4:      minmay_bubble_buster, layout_loops_ring,
          mainiacjoe_overflow_boulevard, st_stairs_13, uniq_crazy_yiuf_cottage
D:5:      layout_gridville
D:6:      layout_basic, uniq_prince_ribbit1
D:7:      layout_cave_pools, minmay_temple_entry_enclosed_plants
D:8:      layout_loops_cross, mainiacjoe_overflow_six_doors_small,
          amcnicky_altar_gilded, grunt_qazlal_sundering,
          gammafunk_ghost_gnarly_gnolls, serial_shops, shop
D:9:      layout_loops_ring, amethyst_overflow_temple_binary, serial_shops,
          nicolae_shop_rolling_square, shop
D:10:     layout_roguey, serial_shops, nicolae_square_shop
D:11:     layout_irregular_city, erik_lair_orcish_takeover, zombieorc1_lemuel,
          nicolae_diode_basic, uniq_harold
Temple:   regret_index_temple_generic_petals
Lair:1:   layout_regular_city, serial_bayou_pond_e, wad_woods_road_05
Lair:2:   layout_cave_pods, lemuel_fruit_tree, infiniplex_staircase_pool,
          uniq_gastronok
Lair:3:   layout_regular_city, minmay_shoals_entry_beasts,
          hellmonk_spider_entry_life_and_decay, chequers_serial_rivers_large_b,
          grunt_megastairs_4

Skill      XL: |  1  2  3  4  5  6  7  8  9 10 11 12 |
---------------+-------------------------------------+-----
Fighting       | 3 4 5 6 7 8 10 11 13 | 13.2
Maces & Flails | 3 4 5 7 9 10 12 | 12.3
Dodging        | 3 4 5 6 7 8 9 |  9.0
Armour         | 2 |  2.6
Throwing       | |  2.0

Action                     |  1- 3 |  4- 6 |  7- 9 | 10-12 || total
---------------------------+-------+-------+-------+-------++-------
  Melee: Flail             |    95 |   124 |   345 |   294 ||   858
         Punch             |       |     3 |     4 |     3 ||    10
  Throw: Large rock        |     2 |       |     3 |    16 ||    21
         Throwing net      |     1 |       |       |       ||     1
 Invoke: Heroism           |       |       |       |     2 ||     2
  Evoke: Wand              |       |       |       |     3 ||     3
    Use: Scroll            |       |       |    11 |    14 ||    25
         Potion            |       |       |     2 |    11 ||    13
   Stab: Held in net/web   |     1 |       |       |       ||     1
         Sleeping          |       |       |     3 |     1 ||     4
         Distracted        |       |       |       |     1 ||     1
 Armour: Robe              |    35 |    42 |    64 |    14 ||   155
         Troll leather arm |       |       |       |    68 ||    68
  Dodge: Dodged            |    56 |    75 |   152 |   262 ||   545
  Block: Other             |       |    29 |    82 |    86 ||   197
         Reflection        |       |       |     4 |       ||     4
